 Dungeon Crawl Stone Soup version 0.19.0-22-gd96e5fe (webtiles) character file.

158 grisgris the Cudgeler (level 5, -7/39 HPs)
             Began as a Demonspawn Gladiator on Nov 19, 2016.
             Killed by divine providence
             ... invoked by an orc priest
              (8 damage)
             ... on level 2 of the Dungeon.
             The game lasted 00:06:12 (2119 turns).

grisgris the Cudgeler (Demonspawn Gladiator)        Turns: 2119, Time: 00:06:14

Health: -7/39      AC:  4    Str: 17    XL:     5   Next: 16%
Magic:  5/5        EV: 12    Int: 12    God:
Gold:   119        SH:  3    Dex: 13    Spells: 0 memorised, 4 levels left

rFire  . . .     SeeInvis .     l - +1 whip
rCold  . . .     Gourm    .     b - +0 leather armour
rNeg   . . .     Faith    .     k - +0 buckler
rPois  .         Spirit   .     c - +0 helmet
rElec  .         Reflect  .     (no cloak)
rCorr  .         Harm     .     (no gloves)
MR     .....     Rnd*Rage +     (no boots)
Stlth  +.........               (no amulet)
                                (no ring)
                                (no ring)

@: brilliant
A: berserk 1, dopey 1, subdued magic 1, sturdy frame 1
a: no special abilities


You were on level 2 of the Dungeon.
You were not hungry.

You visited 1 branch of the dungeon, and saw 3 of its levels.

You collected 119 gold pieces.

Inventory:

Hand Weapons
 l - a +1 whip (weapon)
Armour
 b - a +0 leather armour (worn)
 c - a +0 helmet (worn)
 k - a +0 buckler (worn)
Scrolls
 j - a scroll of remove curse
Potions
 e - a potion of cure mutation
Comestibles
 f - 2 bread rations
 i - 10 fruits


   Skills:
 + Level 2.6 Fighting
 + Level 4.1 Maces & Flails
 + Level 2.0 Throwing
 + Level 1.2 Armour
 + Level 3.4 Dodging


You had 4 spell levels left.
You didn't know any spells.

Dungeon Overview and Level Annotations

Branches:
Dungeon (3/15)

Altars:


Innate Abilities, Weirdness & Mutations

Your movements are slightly less encumbered by armour. (ER -2)
You tend to lose your temper in combat.
You are dopey. (Int -2)
Your spells are a little easier to cast, but a little less powerful.


Message History

The orc priest hits you but does no damage.
You hit the orc priest.
The orc priest is lightly wounded.
You hit the orc priest.
The orc priest is heavily wounded.
The orc priest hits you but does no damage.
You hit the orc priest.
The orc priest is severely wounded.
The orc priest closely misses you.
You hit the orc priest.
The orc priest is almost dead.
The orc priest hits you with a mace.
* * * LOW HITPOINT WARNING * * *
You closely miss the orc priest.
The orc priest is almost dead.
You closely miss the orc priest.
The orc priest is almost dead.
The orc priest calls down the wrath of Beogh upon you.
Beogh smites you!
You die...

...####..........................
........###...###..##...######...
#.......###.### #.###.#.<# #...
####......#.#####.# #.##.## #)..
..................###.##..####...
..............>..................
..†.....#...s...[.####.##.#######
........###...##o## #.........#
........# ###..#@# #.........#
........# ##...# #.........#
........# ##### ###########
#########


You could see an orc priest.

Vanquished Creatures
  A scorpion (D:2)
  An orc priest (D:2)
  3 oozes
  3 worms (D:2)
  A dart slug (D:2)
  3 leopard geckos
  2 orcs (D:2)
  10 bats
  3 giant cockroaches (D:2)
  5 goblins
  2 hobgoblins
  A jackal (D:2)
  5 kobolds
  3 quokkas (D:2)
  A ball python (D:2)
  4 frilled lizards
  4 rats (D:2)
52 creatures vanquished.

Notes
Turn   | Place    | Note
-------+----------+-------------------------------------------
     0 | D:1      | grisgris the Demonspawn Gladiator began the quest for the Orb.
     0 | D:1      | Reached XP level 1. HP: 16/16 MP: 1/1
   283 | D:1      | Gained mutation: Your movements are slightly less encumbered by armour. (ER -2) [demonic ancestry]
   283 | D:1      | Reached XP level 2. HP: 15/22 MP: 2/2
   588 | D:1      | Reached skill level 3 in Maces & Flails
   762 | D:2      | Reached XP level 3. HP: 27/27 MP: 3/3
  1510 | D:2      | Reached XP level 4. HP: 20/34 MP: 4/4
  1587 | D:2      | Reached skill level 1 in Armour
  1868 | D:2      | Reached skill level 4 in Maces & Flails
  1868 | D:2      | Reached XP level 5. HP: 19/39 MP: 5/5
  2104 | D:2      | Gained mutation: You tend to lose your temper in combat. [potion of mutation]
  2104 | D:2      | Gained mutation: You are dopey. (Int -2) [potion of mutation]
  2104 | D:2      | Gained mutation: Your spells are a little easier to cast, but a little less powerful. [potion of mutation]
  2117 | D:2      | HP: 1/39 [orc priest/mace (3)]
  2119 | D:2      | Killed from afar by an orc priest

Skill      XL: |  1  2  3  4 |
---------------+-------------+-----
Throwing       | 2 |  2.0
Dodging        | 3 |  3.4
Maces & Flails | 3 4 |  4.1
Armour         | 1 |  1.2
Fighting       | |  2.6

Action                   |  1- 3 |  4- 6 || total
-------------------------+-------+-------++-------
Melee: Flail             |    85 |       ||    85
       Whip              |    88 |    62 ||   150
  Use: Potion            |     1 |     4 ||     5
       Scroll            |     5 |       ||     5
  Eat: Chunk             |     2 |     2 ||     4
Armor: Leather armour    |    70 |    10 ||    80
Dodge: Dodged            |   161 |    37 ||   198
Block: Buckler           |     9 |     9 ||    18
